 Dungeon Crawl Stone Soup version 0.18-a0-1311-g779ca93 (webtiles) character file.

2 dalore the Skirmisher (level 1, -2/18 HPs)
             Began as a Demonspawn Berserker on Feb 13, 2016.
             Was a Follower of Trog.
             Slain by a hobgoblin (3 damage)
             ... on level 1 of the Dungeon.
             The game lasted 00:00:35 (18 turns).

dalore the Skirmisher (Demonspawn Berserker)          Turns: 18, Time: 00:00:36

Health: -2/18      AC:  2    Str: 17    XL:     1   Next: 25%
Magic:  1/1        EV: 12    Int:  8    God:    Trog [*.....]
Gold:   0          SH:  0    Dex: 12    Spells: 0 memorised, 0 levels left

rFire  . . .     SeeInvis .     a - +0 mace
rCold  . . .     Gourm    .     b - +0 animal skin
rNeg   . . .     Faith    .     (no shield)
rPois  .         Spirit   .     (no helmet)
rElec  .         Dismiss  .     (no cloak)
rCorr  .         Reflect  .     (no gloves)
SustAt .         Harm     .     (no boots)
MR     .....                    (no amulet)
Stlth  +.........               (no ring)
                                (no ring)

@: not resistant to hostile enchantments, very unstealthy
A: no striking features
a: Berserk, Burn Spellbooks, Renounce Religion


You were on level 1 of the Dungeon.
You worshipped Trog.
Trog was aware of your devotion.
You were not hungry.

You visited 1 branch of the dungeon, and saw 1 of its levels.

Inventory:

Hand Weapons
 a - a +0 mace (weapon)
Armour
 b - a +0 animal skin (worn)
Comestibles
 c - a bread ration {@e1}


   Skills:
 + Level 3.0 Fighting
 + Level 2.7 Maces & Flails
 + Level 1.7 Armour
 + Level 1.9 Dodging


You couldn't memorise any spells.
You didn't know any spells.

Dungeon Overview and Level Annotations

Branches:
Dungeon (1/15)

Altars:


Message History

Welcome, dalore the Demonspawn Berserker.
The bosom of this dungeon contains the fabled artefact, the Orb of Zot.
Trog says: Kill them all!
Found a brown potion.
Found a staircase leading out of the dungeon.
A kobold comes into view.
You see here a brown potion.
The kobold shouts!
The kobold throws a stone.
The stone misses you.
A rat comes into view.
The kobold throws a stone.
The stone hits you but does no damage.
You see here a stone.
The kobold throws a stone.
The stone hits you but does no damage.
You see here a stone.
Really walk into a travel-excluded area?
The kobold closely misses you.
You hit the kobold but do no damage. The kobold hits you.
You take 1 damage, and have 17/18 hp.
You hit the kobold.
You kill the kobold!
Trog accepts your kill. The rat bites you.
You take 2 damage, and have 15/18 hp.
You completely miss the rat. The rat bites you.
You take 2 damage, and have 13/18 hp.
Unknown command.
You hit the rat.
You kill the rat!
Trog accepts your kill.
A hobgoblin comes into view.
The hobgoblin shouts!
Things that are here:
a rat corpse; a kobold corpse You hit the hobgoblin but do no damage.
The hobgoblin hits you.
You take 3 damage, and have 10/18 hp.
You are too injured to fight recklessly!
The hobgoblin closely misses you.
You barely miss the hobgoblin. The hobgoblin misses you.
You hit the hobgoblin but do no damage. The hobgoblin hits you.
The hobgoblin closely misses you.
You take 2 damage, and have 8/18 hp.
You barely miss the hobgoblin. The hobgoblin hits you.
* * * LOW HITPOINT WARNING * * *
You take 3 damage, and have 5/18 hp.
You closely miss the hobgoblin. The hobgoblin hits you.
* * * LOW HITPOINT WARNING * * *
You take 4 damage, and have 1/18 hp.
MASSIVE DAMAGE!!
You hit the hobgoblin.
The hobgoblin hits you but does no damage.
The hobgoblin hits you.
You die...

# #.
####+#'#### #
#.........#.#
.#..#§8.#g@#.#
.....≈.§.†...#
#....§.§..#.#
#..#...#..#.#
#......(..# #
#......(..#
#..#...#..#
#.....(...#
#.........#


You could see a hobgoblin.

Vanquished Creatures
  A kobold (D:1)
  A rat (D:1)
2 creatures vanquished.

Notes
Turn   | Place    | Note
--------------------------------------------------------------
     0 | D:1      | dalore the Demonspawn Berserker began the quest for the Orb.
     0 | D:1      | Reached XP level 1. HP: 18/18 MP: 1/1
    17 | D:1      | HP: 1/18 [hobgoblin (4)]
    18 | D:1      | Slain by a hobgoblin

Vault maps used:
D:1:      shiori_arrival_oz

Action                   || total
-------------------------++-------
Melee: Mace              ||    10

Vault maps used:
D:1:      shiori_arrival_oz

Table legend:
 A = Turns spent in this place as a percentage of turns spent in the entire game.
 B = Non-inter-level travel turns spent in this place as a percentage of non-inter-level travel turns spent in the entire game.
 C = Inter-level travel turns spent in this place as a percentage of turns spent in this place.
 D = Turns resting spent in this place as a percentage of non-inter-level travel turns spent in this place.
 E = Turns spent auto-exploring this place as a percentage of non-inter-level travel turns spent in this place.
 F = Non-inter-level travel turns spent in this place divided by the number of levels of this place that you've seen.
                   A       B       C       D       E      F
               +-------+-------+-------+-------+-------+----------------------
         Total | 100.0 | 100.0 |   0.0 |   0.0 |   5.0 |  20.0
       Dungeon | 100.0 | 100.0 |   0.0 |   0.0 |   5.0 |  20.0
               +-------+-------+-------+-------+-------+----------------------

Table legend:
 A = Kills in this place as a percentage of kills in entire the game.
 B = Kills by you in this place as a percentage of kills by you in the entire game.
 C = Kills by friends in this place as a percentage of kills by friends in the entire game.
 D = Other kills in this place as a percentage of other kills in the entire game.
 E = Experience gained in this place as a percentage of experience gained in the entire game.
 F = Experience gained in this place divided by the number of levels of this place that you have seen.
                   A       B       C       D       E      F
               +-------+-------+-------+-------+-------+----------------------
         Total | 100.0 | 100.0 |  -nan |  -nan | 100.0 |   3.0
       Dungeon | 100.0 | 100.0 |  -nan |  -nan | 100.0 |   3.0
               +-------+-------+-------+-------+-------+----------------------
